 Dungeon Crawl Stone Soup version 0.21-a0-402-gcbae7d1 (webtiles) character file.

65 filkos the Cudgeler (level 3, -2/34 HPs)
             Began as a Minotaur Berserker on Oct 26, 2017.
             Was a Believer of Trog.
             Slain by a gnoll
             ... wielding a +0 spear
              (5 damage)
             ... on level 2 of the Dungeon.
             The game lasted 00:06:12 (926 turns).

filkos the Cudgeler (Minotaur Berserker)             Turns: 926, Time: 00:06:13

Health: -2/34      AC:  7    Str: 22    XL:     3   Next: 92%
Magic:  2/2        EV: 11    Int:  4    God:    Trog [**....]
Gold:   83         SH:  0    Dex:  9    Spells: 2/2 levels left

rFire    . . .     SeeInvis .   a - +0 mace
rCold    . . .     Gourm    .   (no shield)
rNeg     . . .     Faith    .   m - +0 ring mail
rPois    .         Spirit   .   (helmet restricted)
rElec    .         Reflect  .   (no cloak)
rCorr    .         Harm     .   (no gloves)
MR       .....                  k - +1 pair of boots
Stlth    ..........             (no amulet)
HPRegen  0.11/turn              (no ring)
MPRegen  0.08/turn              (no ring)

@: no status effects
A: retaliatory headbutt, horns 2
a: Berserk, Trog's Hand, Burn Spellbooks, Renounce Religion


You were on level 2 of the Dungeon.
You worshipped Trog.
Trog was pleased with you.
You were not hungry.

You visited 1 branch of the dungeon, and saw 2 of its levels.

You collected 83 gold pieces.

Inventory:

Hand Weapons
 a - a +0 mace (weapon)
 e - a +0 club
Armour
 b - a +0 animal skin
 i - a +0 leather armour
 k - a +1 pair of boots (worn)
 m - a +0 ring mail (worn)
Scrolls
 d - a scroll of enchant weapon {unknown}
Potions
 f - 2 potions of mutation {unknown}
 j - a potion of curing {unknown}
 l - a potion of heal wounds {unknown}
Comestibles
 c - a bread ration
 g - a royal jelly
 h - 3 fruits


   Skills:
 + Level 4.5 Fighting
 + Level 4.5 Maces & Flails
 + Level 2.7 Armour
 + Level 2.8 Dodging


You had 2 spell levels left.
You didn't know any spells.

Dungeon Overview and Level Annotations

Branches:
Dungeon (2/15)

Altars:


Innate Abilities, Weirdness & Mutations

You reflexively headbutt those who attack you in melee.
You have a pair of horns on your head.


Message History

The gnoll hits you from afar with a spear.
The gnoll barely misses you.
There is an open door here.
You hit the gnoll.
The gnoll is almost dead.
The gnoll hits you but does no damage. x2; The gnoll completely misses you.
You hit the gnoll but do no damage.
The gnoll is almost dead.
The gnoll hits you but does no damage. x2; The gnoll barely misses you.
You hit the gnoll.
You kill the gnoll!
Trog accepts your kill. The gnoll hits you but does no damage.
The gnoll hits you from afar with a spear.
* * * LOW HITPOINT WARNING * * *
The gnoll hits you but does no damage.
The gnoll hits you from afar with a spear.
* * * LOW HITPOINT WARNING * * *
The gnoll barely misses you. The gnoll hits you with a spear.
You die...

..###..... .
#........ ..
#..?.... .
..#......# ...
#.......######...
#.......#.....#
#......g#.....#
##....).g@.....+
..........#.....#
.......†.)#)....#
......##........#
...(............#
...........(##....
........##...+.....
........##.###....#
.##...##.#.....


You could see 2 gnolls.

Vanquished Creatures
  2 gnolls (D:2)
  A worm (D:2)
  2 dart slugs (D:1)
  2 giant cockroaches (D:1)
  5 goblins
  5 hobgoblins
  4 jackals
  4 bats (D:1)
  5 frilled lizards
  2 kobolds
  5 rats
37 creatures vanquished.

Notes
Turn   | Place    | Note
-------+----------+-------------------------------------------
     0 | D:1      | filkos the Minotaur Berserker began the quest for the Orb.
     0 | D:1      | Reached XP level 1. HP: 19/19 MP: 0/0
    91 | D:1      | Reached XP level 2. HP: 26/27 MP: 1/1
   390 | D:1      | Reached ** piety under Trog
   405 | D:1      | Reached XP level 3. HP: 32/33 MP: 2/2
   926 | D:2      | Slain by a gnoll

Vault maps used:
D:1:      lemuel_arrival_broad_hall
D:2:      chequers_ecumenical_altar_lobes, uniq_sigmund

Skill      XL: |  1  2 |
---------------+-------+-----
Maces & Flails | 4 |  4.5
Fighting       | 4 |  4.5
Armour         | |  2.7
Dodging        | |  2.8

Action                   || total
-------------------------++-------
Melee: Mace              ||    72
       Headbutt          ||     7
Armor: Animal skin       ||     9
       Leather armour    ||     6
       Ring mail         ||     9
Dodge: Dodged            ||    62

Table legend:
 A = Spawn XP
 B = Non-spawn XP
 C = Spawn XP percentage of total XP
 D = Spawn monster count
 E = Non-spawn monster count
 F = Spawn count percentage of total count
 G = Total turns spent on level
                    A         B        C        D         E        F      G
               +---------+---------+-------+---------+---------+-------+---------
         Total |       0 |      93 |   0.0 |       0 |      37 |   0.0 |   926
               +---------+---------+-------+---------+---------+-------+---------
           D:1 |       0 |      43 |   0.0 |       0 |      24 |   0.0 |   755
           D:2 |       0 |      50 |   0.0 |       0 |      13 |   0.0 |   171
               +---------+---------+-------+---------+---------+-------+---------
